 Dungeon Crawl Stone Soup version 0.31-a0-268-g4392ee761c (webtiles) character file.

Game seed: 2876771513294280254

655 qw the Shooter (level 7, -7/43 HPs)
             Began as a Gargoyle Hexslinger on July 14, 2023.
             Mangled by an ogre
             ... wielding a +0 giant club
              (19 damage)
             ... on level 5 of the Dungeon.
             The game lasted 00:01:58 (4244 turns).

qw the Shooter (Gargoyle Hexslinger)                Turns: 4244, Time: 00:01:58

Health: -7/43      AC: 11    Str: 12    XL:     7   Next: 54%
Magic:  8/8        EV: 15    Int: 13    God:
Gold:   241        SH:  0    Dex: 14    Spells: 7/8 levels left

rFire   . . .        Y - +1 sling
rCold   . . .        (no shield)
rNeg    + . .        f - +0 ring mail
rPois   inf          a - +0 helmet {SInv}
rElec   +            (no cloak)
rCorr   .            (no gloves)
SInv    +            (no boots)
Will    .....        (no amulet)
Stlth   +            d - +5 ring of evasion
HPRegen 0.27/turn    (no ring)
MPRegen 0.11/turn

%: no passive effects
@: no status effects
A: sickness immunity, AC +4, negative energy resistance 1, electricity
resistance, torment resistance 1, petrification resistance
a: no special abilities


You were on level 5 of the Dungeon.
You visited 1 branch of the dungeon, and saw 5 of its levels.

You collected 241 gold pieces.


Innate Abilities, Weirdness & Mutations

You are immune to sickness and miasma.
Your stone body is resilient. (AC +4)
You are immune to poison.
You resist negative energy. (rN+)
You are resistant to electric shocks. (rElec)
You are resistant to unholy torment.
You are immune to petrification.


   Skills:
 - Level 4.1 Fighting
 + Level 7.1 Ranged Weapons
 - Level 1.2 Armour
 - Level 1.5 Dodging
 - Level 1.0 Spellcasting
 - Level 2.6 Hexes


You had 7 spell levels left.
You knew the following spells:

 Your Spells              Type           Power      Damage    Failure   Level
a - Slow                  Hex            28%        N/A       22%         1

Your spell library contained the following spells:

 Spells                   Type           Power      Damage    Failure   Level
 Inner Flame              Hex/Fire       4%         N/A       73%         3
 Portal Projectile        Hex/Tloc       8%         N/A       73%         3
 Cause Fear               Hex            3%         N/A       91%         4

Inventory:

Hand Weapons
 Y - a +1 sling (weapon)
Armour
 a - a +0 helmet of see invisible (worn)
 f - a +0 ring mail (worn)
Jewellery
 b - a +6 ring of intelligence
 d - a +5 ring of evasion (left hand)
Scrolls
 h - a scroll of identify
Potions
 c - a potion of cancellation
 e - a potion of curing
 g - a potion of ambrosia {unknown}
 i - a potion of lignification {unknown}
 j - a potion of resistance {unknown}

Dungeon Overview and Level Annotations

Branches:
Dungeon (5/15)
 Temple: D:4-7

Altars:
Kikubaaqudgha
Wu Jian

Annotations:
D:3 2 transporters, qw's ghost, weakling GrHs


Message History

You shoot a sling bullet.
The sling bullet barely misses the phantom.
You shoot a sling bullet. The ogre shouts!
The sling bullet hits the phantom but does no damage.
The phantom is moderately damaged.
The phantom barely misses you.
You shoot a sling bullet.
The sling bullet barely misses the phantom.
The sling bullet hits the ogre!
The ogre is moderately wounded.
The phantom hits you but does no damage.
You shoot a sling bullet.
The sling bullet barely misses the phantom.
The sling bullet hits the ogre.
The ogre is moderately wounded.
The phantom hits you.
The phantom blinks!
You blink.
You shoot a sling bullet.
The sling bullet closely misses the phantom.
The phantom closely misses you.
You shoot a sling bullet.
The sling bullet barely misses the phantom.
The phantom hits you but does no damage. x2
You shoot a sling bullet.
The sling bullet closely misses the phantom.
The phantom hits you but does no damage.
You shoot a sling bullet.
The sling bullet hits the phantom but does no damage.
The phantom is lightly damaged.
The phantom barely misses you.
You shoot a sling bullet.
The sling bullet barely misses the ogre.
The ogre hits you with a +0 giant club!!
Ouch! That really hurt!
The phantom hits you.
You shoot a sling bullet. The sling bullet hits the ogre.
The ogre is moderately wounded.
The phantom barely misses you.
The ogre hits you with a +0 giant club!!
You die...

#####.#># #.#...
......#.# #.# ##.~
####....# #.# #.~# #....#
#.# #.## ####....###..
... #
#......#..######.#####.#
......###..ยค...........#
.......#..######OW....##
........### #@.......
..##....# ######.##
..##....... #.......###
#########


You could see an ogre and a phantom.

Vanquished Creatures
  An ogre (D:4)
  A phantom (D:4)
  A scorpion (D:4)
  A hound (D:4)
  A jelly (D:5)
  An orc priest (D:5)
  An iguana (D:5)
  Natasha (thrice) (D:2)
  An orc wizard (D:5)
  3 gnolls (D:2)
  8 adders
  2 worms (D:2)
  2 dart slugs (D:3)
  7 orcs
  9 ball pythons
  9 endoplasms
  5 giant cockroaches
  3 goblins
  9 hobgoblins
  7 jackals
  7 kobolds
  6 quokkas
  3 bats
  7 frilled lizards
  6 rats
104 creatures vanquished.

Notes
Turn   | Place    | Note
-------+----------+-------------------------------------------
     0 | D:1      | qw the Gargoyle Hexslinger began the quest for the Orb.
     0 | D:1      | Reached XP level 1. HP: 12/12 MP: 2/2
     0 | D:1      | 0 ||| qw: Version: 0.3-a-52-g30416fa
     0 | D:1      | 0 ||| qw: Game counter: 7938
     0 | D:1      | 0 ||| qw: Melee chars always use a shield: true
     0 | D:1      | 0 ||| qw: God list: Okawaru
     0 | D:1      | 0 ||| qw: Allow faded altars: false
     0 | D:1      | 0 ||| qw: Do Orc after clearing Dungeon:15 true
     0 | D:1      | 0 ||| qw: Do second Lair branch before Depths: true
     0 | D:1      | 0 ||| qw: Lair rune preference: random
     0 | D:1      | 0 ||| qw: Goals: Normal
     0 | D:1      | 0 ||| PLANNING D:1-11
   107 | D:1      | Reached XP level 2. HP: 16/16 MP: 3/3
   163 | D:1      | Reached skill level 3 in Ranged Weapons
   521 | D:1      | Reached XP level 3. HP: 20/21 MP: 4/4
   666 | D:1      | 666 ||| READING scroll labelled OPIXTA OVAC.
   669 | D:1      | 669 ||| READING scroll labelled OFISHOURPH.
   669 | D:1      | Identified a scroll of acquirement
   669 | D:1      | 669 ||| ACQUIRING +0 helmet of see invisible
   669 | D:1      | Acquired a +0 helmet of see invisible
   671 | D:1      | 671 ||| UPGRADING to +0 helmet of see invisible.
   677 | D:1      | 677 ||| DRINKING 2 ruby potions.
   679 | D:1      | 679 ||| DROPPING scroll of poison.
   983 | D:2      | Noticed Natasha
   989 | D:2      | Killed Natasha
   990 | D:2      | Reached skill level 4 in Ranged Weapons
   990 | D:2      | Reached XP level 4. HP: 26/26 MP: 5/5
  1117 | D:2      | HP: 1/26 [gnoll/+0 halberd (9)]
  1218 | D:2      | Found an ancient bone altar of Kikubaaqudgha.
  1229 | D:2      | Reached XP level 5. HP: 30/30 MP: 6/6
  1412 | D:2      | Reached skill level 5 in Ranged Weapons
  1588 | D:2      | Noticed Natasha
  1599 | D:2      | Killed Natasha
  1606 | D:2      | Noticed Natasha
  1624 | D:2      | Killed Natasha
  1625 | D:2      | Reached skill level 3 in Fighting
  1876 | D:2      | 1876 ||| UPGRADING to +0 ring mail.
  1886 | D:2      | 1886 ||| DROPPING +0 robe.
  1887 | D:2      | 1887 ||| UPGRADING to +5 ring of evasion.
  1888 | D:2      | 1888 ||| READING scroll labelled CAONURUISS.
  2054 | D:3      | Reached skill level 1 in Armour
  2078 | D:3      | Identified the +10 spear of a sewer {venom, Stlth+}
  2111 | D:3      | Found a transporter.
  2366 | D:3      | Reached XP level 6. HP: 37/37 MP: 7/7
  2749 | D:3      | Found a transporter.
  2751 | D:3      | Noticed qw's ghost (weakling GrHs)
  2934 | D:3      | 2934 ||| READING 2 scrolls of identify.
  2934 | D:3      | 2934 ||| IDENTIFYING fuming golden potion
  2935 | D:3      | 2935 ||| DROPPING potion of brilliance.
  3006 | D:4      | Reached skill level 6 in Ranged Weapons
  3151 | D:4      | Found an ornate altar of the Wu Jian Council.
  3187 | D:4      | Identified the +7 quarterstaff "Iffa" {antimagic, rElec
                  | Will+ SInv}
  3427 | D:4      | Reached XP level 7. HP: 37/43 MP: 8/8
  3963 | D:4      | 3963 ||| DROPPING ring of flight.
  3964 | D:4      | 3964 ||| READING scroll labelled VEXZENOUNACW.
  3967 | D:4      | 3967 ||| READING 2 scrolls of identify.
  3967 | D:4      | 3967 ||| IDENTIFYING murky blue potion
  3992 | D:5      | Entered Level 5 of the Dungeon
  4113 | D:5      | Reached skill level 7 in Ranged Weapons
  4130 | D:5      | 4130 ||| FLEEEEING.
  4244 | D:5      | Mangled by an ogre

Levels and vault maps discovered:
D:1:      lightli_molten_gateway, layout_loops_cross
D:2:      layout_loops_corners, serial_bayou, serial_bayou_shore_b,
          serial_bayou_crossing, serial_bayou_ford_a, serial_bayou_pond_b,
          basic_altar, wad_floor_pattern_2, minivault_19, uniq_natasha
D:3:      layout_basic, gammafunk_ghost_gnarly_gnolls, kennysheep_boxes
D:4:      layout_basic, nicolae_wu_jian_wuxing_cycle, minmay_misc_feat_iff,
          kennysheep_generic_room_12
D:5:      layout_loops_ring, mainiacjoe_overflow_boulevard, serial_rivers,
          chequers_serial_rivers_large_a, chequers_serial_rivers_marsh,
          chequers_serial_rivers_micro_b, chequers_serial_rivers_room_a,
          chequers_serial_rivers_micro_c

Skill      XL: |  1  2  3  4  5  6  7 |
---------------+----------------------+-----
Ranged Weapons | 3 4 5 6 7 |  7.1
Fighting       | 2 3 4 |  4.1
Armour         | 1 |  1.2
Dodging        | |  1.5
Spellcasting   | |  1.0
Hexes          | |  2.6

Action                     |  1- 3 |  4- 6 |  7- 9 || total
---------------------------+-------+-------+-------++-------
   Fire: Sling             |   173 |   281 |    94 ||   548
    Use: Scroll            |     2 |     2 |     2 ||     6
         Potion            |     1 |       |       ||     1
 Armour: Robe              |    28 |    26 |       ||    54
         Ring mail         |       |    84 |    16 ||   100
  Dodge: Dodged            |    84 |   205 |    38 ||   327

Table legend:
 A = Non-vault XP
 B = Vault XP
 C = Vault XP percentage of total XP
 D = Non-vault monster count
 E = Vault monster count
 F = Vault count percentage of total count
                 A         B        C        D         E       F
            +---------+---------+-------+---------+---------+-------
      Total |     893 |      43 |   4.6 |      98 |       6 |   5.8
            +---------+---------+-------+---------+---------+-------
        D:1 |      39 |       0 |   0.0 |      25 |       0 |   0.0
        D:2 |     197 |      42 |  17.6 |      29 |       5 |  14.7
        D:3 |      70 |       0 |   0.0 |      18 |       0 |   0.0
        D:4 |     421 |       1 |   0.2 |      20 |       1 |   4.8
        D:5 |     166 |       0 |   0.0 |       6 |       0 |   0.0
            +---------+---------+-------+---------+---------+-------
